Workbook
Name _ftn1: 'Показатели мун.прог. 2'!#REF!
Name _ftn2: 'Показатели мун.прог. 2'!#REF!
Name _ftn3: 'Показатели мун.прог. 2'!#REF!
Name _ftn4: 'Показатели мун.прог. 2'!#REF!
Name _ftn5: 'Показатели мун.прог. 2'!#REF!
Name _ftn6: 'Показатели мун.прог. 2'!#REF!
Name _ftnref1: 'Показатели мун.прог. 2'!$B$4
Name _ftnref2: 'Показатели мун.прог. 2'!$D$4
Name _ftnref3: 'Показатели мун.прог. 2'!$K$4
Name _ftnref4: 'Показатели мун.прог. 2'!$L$4
Name _ftnref5: 'Показатели мун.прог. 2'!$M$4
Name _ftnref6: 'Показатели мун.прог. 2'!$E$5

Sheet Паспорт 1
C1: УТВЕРЖДЕН
C2: Постановлением Главы МО
C3: Усть-Коксинский район Республики Алтай
C4: « 10 »_ноября 2025 г. № 916
A10: ПАСПОРТ
A11: муниципальной программы муниципального образования "Усть-Коксинский район"
A12: "Развитие экономического потенциала и предпринимательства МО "Усть-Коксинский район" на 2026-2031 годы"
A15: 1. Основные положения
A17: Ответственный исполнитель муниципальной программы | B17: Управление экономики и прогнозирования Администрации муниципального образования "Усть-Коксинский район"; Отдел сельского хозяйства Администрации муниципального образования "Усть-Коксинский район"
A19: Период реализации муниципальной программы | B19: 2026-2031 годы
A20: Цель муниципальной программы | B20: Цель 1. Экономическое развитие МО «Усть-Коксинский район»
A22: Направления (подпрограмма) муниципальной программы (при необходимости) | B22: Направление (подпрограмма) 1 «Развитие малого и среднего предпринимательства»
B23: Направление (подпрограмма) 2 «Создание условий для развития инвестиционного и имиджевого потенциала;»
B24: Направление (подпрограмма) 3 «Развитие сельского хозяйства и промышленного производства»
A25: Объемы бюджетных ассигнований муниципальной программы, в том числе по годам реализации, тыс. руб. | B25: 2026 год | C25: ='Финансовое обеспеч. 5'!D7 -> 9428.562
B26: 2027 год | C26: ='Финансовое обеспеч. 5'!E7 -> 4031.162
B27: 2028 год | C27: ='Финансовое обеспеч. 5'!F7 -> 4031.162
B28: 2029 год | C28: ='Финансовое обеспеч. 5'!G7 -> 0
B29: 2030 год | C29: ='Финансовое обеспеч. 5'!H7 -> 0
B30: 2031 год | C30: ='Финансовое обеспеч. 5'!I7 -> 0
A31: Связь с национальными целями развития Российской Федерации, государственными программами Республики Алтай | B31: Национальная цель - достойный, эффективный труд и успешное предпринимательство; наименование целевых показателей национальной цели: увеличение численности занятых в сфере малого и среднего предпринимательства; Прирост туристского потока (чел.); Объем инвестиций в основной капитал (без учета бюджетных) %; Увеличение количества субъектов малого и среднего предпринимательства, осуществляющих деятельность на территории МО (ед); Индекс производства продукции сельского хозяйства, %, Формирование и популяризация общественного мнения органов местного самоуправления (да/нет).

Sheet Показатели мун.прог. 2
A2: 2. Показатели муниципальной программы
A4: № п/п | B4: Наименование показателя | C4: Единица измерения | D4: Базовое значение | E4: Значения показателей | K4: Ответственный за достижение показателя | L4: Связь с показателями национальных целей | M4: Информационная система
E5: 2026 | F5: 2027 | G5: 2028 | H5: 2029 | I5: 2030 | J5: 2031
A6: 1 | B6: 2 | C6: 3 | D6: 4 | E6: 5 | F6: 6 | G6: 7 | H6: 8 | I6: 9 | J6: 10 | K6: 11 | L6: 12 | M6: 13
A7: Цель 1. Обеспечить создание благоприятных условий для привлечения инвестиций в экономику района и роста инвестиционной активности, обеспечивающей экономический подъем и повышение уровня жизни населения через развитие туристической отрасли.
A8: 1 | B8: Пивлечение инвестиций для участия в выставочных, имиджевых мероприятиях, строительстве туристических объектов–млн.руб., - увеличение числа объектов туристической сферы-ед. -увеличение количества объектов предприятий турбизнеса - ед. - проведение мероприятий, поддерживающих имидж Усть-Коксинского района, как территории максимально благоприятной для оздоровления и туризма; - формирование и популяризация общественного мнения органов местного самоуправления. | C8: ед | D8: 5.5 | E8: 5.55 | F8: 5.6 | G8: 5.7 | H8: 5.8 | I8: 5.9 | J8: 6 | K8: Управление экономики и прогнозирования Администрации муниципального образования "Усть-Коксинский район"
A9: Цель 2. Обеспечение развития субъектов малого и среднего предпринимательства в МО «Усть-Коксинский район»
A10: 2 | B10: Количество субъектов малого и среднего предпринимательства на 1 тыс. чел. Прирост количества субъектов малого и среднего предпринимательства, осуществляющих деятельность на территории МО (ед.).Среднесписочная численность работников (без внешних совместителей), занятых у субъектов малого и среднего предпринимательства (тыс. человек). Доля численности работников малого и среднего предпринимательства в общей численности занятого населения МО(%). Доля субъектов малого и среднего предпринимательства, получивших господдержку, в общем количестве субъектов малого и среднего предпринимательства (процентов); Доля субъектов малого и среднего предпринимательства, получивших господдержку через инфраструктуру поддержки субъектов малого и среднего предпринимательства (процентов). | C10: % | D10: 100 | E10: 102 | F10: 102 | G10: 102 | H10: 102 | I10: 102 | J10: 102 | K10: Управление экономики и прогнозирования Администрации муниципального образования "Усть-Коксинский район" | L10: Увеличение численности занятых в сфере малого и среднего предпринимательства, включая индивидуальных предпринимателей и самозанятых.
A11: Цель 3. Развитие агропромышленного комплекса на территории МО «Усть-Коксинский район» Республики Алтай
A12: 3 | B12: Количество проведенных мероприятий, ед; Количество отловленных безнадзорных животных, ед; Количество обустроенных мест утилизации, ед. | C12: ед. | D12: 5 | E12: 5 | F12: 5 | G12: 5 | H12: 5 | I12: 5 | J12: 5 | K12: Управление экономики и прогнозирования Администрации муниципального образования "Усть-Коксинский район" | L12: Реальный рост инвестиций в основной капитал не менее 70 процентов по сравнению с показателем 2020 года

Sheet Структура мун.прог. 3
C2: 3. Структура муниципальной программы
A4: № п/п | B4: Задачи структурного элемента | C4: Краткое описание ожидаемых эффектов от реализации задачи структурного элемента | D4: Связь с показателями
A5: 1 | B5: 2 | C5: 3 | D5: 4
B6: Направление (подпрограмма) 1 « Развитие малого и среднего предпринимательства»
A7: 1 | B7: Комплекс процессных меропритий "Обеспечение реализации финансовых форм государственной поддержки субъектов малого и среднего предпринимательства"
B8: Ответственный за реализацию (Управление экономики и прогнозирования Администрации муниципального образования "Усть-Коксинский район") | D8: Срок реализации: 2026-2031 годы
B9: Создание условий для экономического роста и увеличение занятости населения в реальном секторе экономики | C9: Рост уровня жизни населения; снижение уровня безработицы; рост заработной платы
A10: 2 | B10: Комплекс процессных меропритий "Развитие сети объектов инфраструктуры малого и среднего предпринимательства"
B11: Развитие инфраструктуры поддержки субъектов малого и среднего предпринимательства | C11: Увеличение уровня занятости. Малые и средние предприятия создают рабочие места, обеспечивая занятость населения; повышение уровня жизни и социальной стабильности.
A12: 3 | B12: Комплекс процессных меропритий "Повышение уровня информационной доступности субъектов малого и среднего предпринимательства"
B13: Повышение уровня информационной доступности субъектов малого и среднего предпринимательства | C13: Рост конкурентоспособности. Цифровизация позволяет компаниям быстрее развиваться и расти; упрощение бизнес-процессов. Благодаря внедрению информационных технологий бизнес-процессы становятся более простыми и гибкими,
B14: Направление (подпрограмма) 2 «Создание условий для развития инвестиционного и имиджевого потенциала»
A15: 4 | B15: Комплекс процессных меропритий "Создание благоприятной инвестиционной среды для привлечения инвестиций в экономику МО и условий для развития предпринимательства в туристской сфере и сопряженных с ней отраслях"
B16: Создание благоприятной инвестиционной среды для привлечения инвестиций в экономику МО и условий для развития предпринимательства в туристской сфере и сопряженных с ней отраслях" | C16: Создана благоприятная инвестиционная среда для привлечения инвестиций в экономику МО и условий для развития предпринимательства в туристской сфере и сопряженных с ней отраслях" снижены инвестиционные риски
A17: 5 | B17: Комплекс процессных меропритий "Совершенствование системы информационно-рекламного обеспечения в сфере туризма для приоритетного развития отрасли (рекламно-информационные мероприятия, направленные на продвижение туристического продукта)"
B18: Совершенствование системы информационно-рекламного обеспечения в сфере туризма для приоритетного развития отрасли (рекламно-информационные мероприятия, направленные на продвижение туристического продукта)" | C18: Повышение качества обслуживания. Реклама обостряет конкурентную борьбу, что способствует улучшению качества туристского обслуживания; Увеличение продаж. Цифровой маркетинг предоставляет турфирмам инструменты для привлечения клиентов, анализа данных, персонализации предложений и оперативной адаптации к меняющимся условиям рынка.
A19: 6 | B19: Комплекс процессных меропритий "Формирование и популяризация общественного мнения органов местного самоуправления"
B20: Формирование и популяризация общественного мнения органов местного самоуправления" | C20: Повышение эффективности управления. Наличие обратной связи позволяет принимать более обоснованные решения; снижение социальной напряжённости; формирование положительного имиджа местной власти. Эффективное взаимодействие с населением способствует созданию благоприятного образа местной власти в целом.
B21: Направление (подпрограмма) 3 «Развитие сельского хозяйства и промышленного производства»»
A22: 7 | B22: Комплекс процессных меропритий "Организация и проведение мероприятий в области сельского хозяйства"
B23: Ответственный за реализацию (Отдел сельского хозяйства Администрации муниципального образования "Усть-Коксинский район") | D23: Срок реализации: 2026-2031 годы
B24: Организация и проведение мероприятий в области сельского хозяйства | C24: Повышение производительности. Использование цифровых технологий позволяет увеличить урожайность сельскохозяйственных культур и продуктивность животноводства; снижение затрат, повышение производительности
A25: 8 | B25: Комплекс процессных меропритий "Обеспечение эпизоотического и ветеринарно- санитарного благополучия"
B26: Обеспечение эпизоотического и ветеринарно- санитарного благополучия" | C26: Предупреждение распространения особо опасных и карантинных болезней животных,снижение уровня заболеваемости животных, увеличение количества отловленных безнадзорных животных
A27: 9 | B27: Комплекс процессных меропритий "Обустройство и содержание мест утилизации биологических отходов"
B28: Обустройство и содержание мест утилизации биологических отходов" | C28: Снижение негативного воздействия на окружающую среду; создание возможностей для повторного использования ресурсов.

Sheet Перечень мероприятий 4
F2: 4. Перечень мероприятий (результатов) муниципальной программы (комплексной программы)
A4: № п/п | B4: Наименование мероприятия (результата) | C4: Целевые показатели непосредственного результата реализации мероприятия | L4: Сроки наступления мероприятия (результат)
C5: Наименование | D5: Единица измерения | E5: Базовое значение | F5: Значения мероприятия (результата) по годам
F6: 2026 | G6: 2027 | H6: 2028 | I6: 2029 | J6: 2030 | K6: 2031 | L6: I полугодие | M6: II полугодие
A7: 1 | B7: 2 | C7: 3 | D7: 4 | E7: 5 | F7: 6 | G7: 78 | H7: 9 | I7: 10 | J7: 11 | K7: 12 | L7: 13
A8: Направление (подпрограмма) Развитие малого и среднего предпринимательства
A9: 1. Комплекс процессных меропритий "Обеспечение реализации финансовых форм государственной поддержки субъектов малого и среднего предпринимательства"
A10: Обеспечение реализации финансовых форм государственной поддержки субъектов малого и среднего предпринимательства
B11: Финансовая поддержка субъектов малого и среднего предпринимательства в приоритетных направлениях | C11: Обеспечение реального роста дохода на одного работника субъекта малого и среднего предпринимательства в 1,2 раза выше, чем рост валового внутреннего продукта; уровень удовлетворённости субъектов МСП | D11: руб | F11: 0 | G11: 0 | H11: 0 | I11: 0 | J11: 0 | K11: 0 | M11: V
B12: 2. Комплекс процессных меропритий "Развитие сети объектов инфраструктуры малого и среднего предпринимательства"
B13: Обеспечение функционирования МФО АМУ "Центр поддержки предпринимательства" | C13: Увеличение доли получателей услуг | D13: % | F13: 0 | G13: 0 | H13: 0 | I13: 0 | J13: 0 | K13: 0
B14: 3. Комплекс процессных меропритий "Повышение уровня информационной доступности субъектов малого и среднего предпринимательства"
B15: Популяризация предпринимательской деятельности и повышение уровня информационной доступности для субъектов малого и среднего предпринимательства | C15: Финансовая устойчивость; рост количества зарегистрированных субъектов малого и среднего предпринимательства на 1000 жителей ; увеличение доли оборота субъектов малого и среднего предпринимательства в общем объёме оборота предприятий | D15: шт | F15: 364 | G15: 414 | H15: 426 | I15: 430 | J15: 434 | K15: 438
B16: Популяризация предпринимательской деятельности и повышение уровня информационной доступности для субъектов малого и среднего предпринимательства | C16: Количество физических лиц, принявших участие в проекте, нарастающим итогом; увеличение количества зарегистрированных субъектов малого и среднего предпринимательства на 1000 жителей. | D16: шт | F16: 364 | G16: 414 | H16: 426 | I16: 430 | J16: 434 | K16: 438
B17: 4. Комплекс процессных меропритий "Создание благоприятной инвестиционной среды для привлечения инвестиций в экономику МО и условий для развития предпринимательства в туристской сфере и сопряженных с ней отраслях"
B18: Привлечение инвестиций на территорию муниципального образования | C18: Объём привлечённых инвестиций; количество созданных высокопроизводительных рабочих мест. | D18: тыс/руб | F18: 249 | G18: 294 | H18: 371 | I18: 400 | J18: 405 | K18: 410
B19: 5. Комплекс процессных меропритий "Совершенствование системы информационно-рекламного обеспечения в сфере туризма для приоритетного развития отрасли (рекламно-информационные мероприятия, направленные на продвижение туристического продукта)"
B20: Освещение деятельности органов местного самоуправления в средствах массовой информации | C20: Увеличение количества подписчиков на районные СМИ; наличие опубликованных отчётов о деятельности администрации; уровень информированности населения о деятельности органов местного самоуправления | D20: % | F20: 50 | G20: 60 | H20: 70 | I20: 80 | J20: 90 | K20: 100
A21: 6. Комплекс процессных меропритий "Формирование и популяризация общественного мнения органов местного самоуправления"
A22: 2.1 | B22: Развитие и использование информационного и ресурсного обеспечения | C22: Достижение «цифровой зрелости» ключевых отраслей экономики, социальной сферы, государственного управления; | F22: 40 | G22: 50 | H22: 60 | I22: 70 | J22: 80 | K22: 90
A23: 2.2 | B23: Предоставление гарантий муниципальным служащим | C23: Доля муниципальных служащих прошедших курсы повышения квалификации; доля муниципальных служащих состоящих в кадровом резерве, имеющих индивидуальный план профессионального развития | F23: 10 | G23: 11 | H23: 12 | I23: 13 | J23: 14 | K23: 15
A24: 2.3 | B24: Организация проведений мероприятий, направленных на укрепление статуса профессий (Районный праздник "Человек труда") | C24: Количество участников церемонии награждения | F24: 10 | G24: 48 | H24: 53 | I24: 58 | J24: 64 | K24: 68 | M24: V
B25: Мероприятия направленные на укрепление имиджевого потенциала района | C25: Показатели стратегической эффективности имиджа территории(Степень влияния территориального бренда, рост социального благосостояния граждан, повышение статуса территории) | D25: мил/ руб | F25: 130 | G25: 140 | H25: 150 | I25: 160 | J25: 170 | K25: 180
A26: 2.1 | B26: Мероприятия направленные на укрепление имиджевого потенциала района | C26: Повышение эмоциональной привлекательности территории (Культурная привлекательность, географическое положение) Кластеры — создают экосистему, способствующую сотрудничеству, обмену знаниями, доступу к ресурсам и культуре инноваций. | M26: V
A27: 7. Комплекс процессных меропритий "Организация и проведение мероприятий в области сельского хозяйства"
A28: 3.1 | B28: Организация и проведение мероприятий в области сельского хозяйства | C28: Индекс производства продукции агропромышленного комплекса | D28: % | F28: 100 | G28: 100 | H28: 100 | I28: 100 | J28: 100 | K28: 100 | M28: V
A29: 3.2 | B29: 8.Комплекс процессных меропритий "Обеспечение эпизоотического и ветеринарно- санитарного благополучия"
A30: 3.3 | B30: Осуществление государственных полномочий Республики Алтай по организации мероприятий при осуществлении деятельности по обращению с животными без владельцев на территории Республики Алтай | C30: Предупреждение возникновения и распространения заразных и иных болезней животных, обеспечение эпизоотического благополучия на территории района; снижение динамики роста количества животных без владельцев | D30: шт | F30: 1 | G30: 1 | H30: 1 | I30: 1 | J30: 1 | K30: 1 | M30: V
B31: 9.Комплекс процессных меропритий "Обустройство и содержание мест утилизации биологических отходов"
B32: Мероприятия по обустройству и содержанию мест утилизации биологических отходов | C32: Обеспечение безопасности людей и экологической безопасности, так как биологические отходы имеют высокий класс опасности. | D32: раз | F32: 2 | G32: 2 | H32: 2 | I32: 2 | J32: 2 | K32: 2
B33: Осуществление отдельных государственных полномочий Республики Алтай по организации проведения мероприятий по предупреждению и ликвидации болезней животных, их лечению, защите населения от болезней, общих для человека и животных, в части обустройства и содержания мест утилизации биологических отходов (скотомогильников, биотермических ям, крематоров, инсинераторов) | C33: количество обустроенных скотомогильников; количество ликвидированных закрытых скотомогильников | D33: шт | F33: 3 | G33: 3 | H33: 3 | I33: 3 | J33: 3 | K33: 3

Sheet Финансовое обеспеч. 5
E2: 5. Финансовое обеспечение муниципальной программы
E3: МО «Усть-Коксинский округ»
A4: № п/п | B4: Наименование муниципальной программы, структурного элемента муниципальной программы | C4: Источник финансового обеспечения | D4: Объем финансового обеспечения по годам реализации, тыс. рублей
D5: 2026 год | E5: 2027 год | F5: 2028 год | G5: 2029 год | H5: 2030 год | I5: 2031 год
A6: 1 | B6: 2 | C6: 3 | D6: 4 | E6: 5 | F6: 6 | G6: 7 | H6: 8 | I6: 9
B7: Муниципальная программа "Развитие экономического потенциала и предпринимательства МО "Усть-Коксинский район" Республики Алтай" | C7: Всего: | D7: =SUM(D8:D11) -> 9428.562 | E7: =SUM(E8:E11) -> 4031.162 | F7: =SUM(F8:F11) -> 4031.162 | G7: =SUM(G8:G11) -> 0 | H7: =SUM(H8:H11) -> 0 | I7: =SUM(I8:I11) -> 0
C8: местный бюджет МО «Усть-Коксинский район» | D8: =D13+D18+D23+D28+D33+D38+D43+D48+D53+D58 -> 6107.962 | E8: =E13+E18+E23+E28+E33+E38+E43+E48+E53+E58 -> 3106.262 | F8: =F13+F18+F23+F28+F33+F38+F43+F48+F53+F58 -> 3106.262 | G8: =G13+G18+G23 -> 0 | H8: =H13+H18+H23 -> 0 | I8: =I13+I18+I23 -> 0
C9: федеральный бюджет (справочно) | D9: =D14+D19+D24+D29+D34+D39+D44+D49+D54+D59 -> 0 | E9: =E14+E19+E24+E29+E34+E39+E44+E49+E54+E59 -> 0 | F9: =F14+F19+F24+F29+F34+F39+F44+F49+F54+F59 -> 0 | G9: =G14+G19+G24 -> 0 | H9: =H14+H19+H24 -> 0 | I9: =I14+I19+I24 -> 0
C10: республиканский бюджет Республики Алтай (справочно) | D10: =D15+D20+D25+D30+D35+D40+D45+D50+D55+D60 -> 3320.6 | E10: =E15+E20+E25+E30+E35+E40+E45+E50+E55+E60 -> 924.9 | F10: =F15+F20+F25+F30+F35+F40+F45+F50+F55+F60 -> 924.9 | G10: =G15+G20+G25 -> 0 | H10: =H15+H20+H25 -> 0 | I10: =I15+I20+I25 -> 0
C11: иные источники (справочно) | D11: =D16+D21+D26+D31+D36+D41+D46+D51+D56+D61 -> 0 | E11: =E16+E21+E26+E31+E36+E41+E46+E51+E56+E61 -> 0 | F11: =F16+F21+F26+F31+F36+F41+F46+F51+F56+F61 -> 0 | G11: =G16+G21+G26 -> 0 | H11: =H16+H21+H26 -> 0 | I11: =I16+I21+I26 -> 0
A12: 1 | B12: Комплекс процессных меропритий "Обеспечение реализации финансовых форм государственной поддержки субъектов малого и среднего предпринимательства" | C12: Всего: | D12: =SUM(D13:D16) -> 0 | E12: =SUM(E13:E16) -> 0 | F12: =SUM(F13:F16) -> 0 | G12: =SUM(G13:G16) -> 0 | H12: =SUM(H13:H16) -> 0 | I12: =SUM(I13:I16) -> 0
C13: местный бюджет МО «Усть-Коксинский район» | D13: 0 | E13: 0 | F13: 0 | G13: 0 | H13: 0 | I13: 0
C14: федеральный бюджет (справочно) | D14: 0 | E14: 0 | F14: 0 | G14: 0 | H14: 0 | I14: 0
C15: республиканский бюджет Республики Алтай (справочно) | D15: 0 | E15: 0 | F15: 0 | G15: 0 | H15: 0 | I15: 0
C16: иные источники (справочно) | D16: 0 | E16: 0 | F16: 0 | G16: 0 | H16: 0 | I16: 0
A17: 2 | B17: Комплекс процессных меропритий "Развитие сети объектов инфраструктуры малого и среднего предпринимательства" | C17: Всего: | D17: =SUM(D18:D21) -> 0 | E17: =SUM(E18:E21) -> 0 | F17: =SUM(F18:F21) -> 0 | G17: =SUM(G18:G21) -> 0 | H17: =SUM(H18:H21) -> 0 | I17: =SUM(I18:I21) -> 0
C18: местный бюджет МО «Усть-Коксинский район» | D18: 0 | E18: 0 | F18: 0 | G18: 0 | H18: 0 | I18: 0
C19: федеральный бюджет (справочно) | D19: 0 | E19: 0 | F19: 0 | G19: 0 | H19: 0 | I19: 0
C20: республиканский бюджет Республики Алтай (справочно) | D20: 0 | E20: 0 | F20: 0 | G20: 0 | H20: 0 | I20: 0
C21: иные источники (справочно) | D21: 0 | E21: 0 | F21: 0 | G21: 0 | H21: 0 | I21: 0
A22: 3 | B22: Комплекс процессных меропритий "Повышение уровня информационной доступности субъектов малого и среднего предпринимательства" | C22: Всего: | D22: =SUM(D23:D26) -> 0 | E22: =SUM(E23:E26) -> 0 | F22: =SUM(F23:F26) -> 0 | G22: =SUM(G23:G26) -> 0 | H22: =SUM(H23:H26) -> 0 | I22: =SUM(I23:I26) -> 0
C23: местный бюджет МО «Усть-Коксинский район» | D23: 0 | E23: 0 | F23: 0 | G23: 0 | H23: 0 | I23: 0
C24: федеральный бюджет (справочно) | D24: 0 | E24: 0 | F24: 0 | G24: 0 | H24: 0 | I24: 0
C25: республиканский бюджет Республики Алтай (справочно) | D25: 0 | E25: 0 | F25: 0 | G25: 0 | H25: 0 | I25: 0
C26: иные источники (справочно) | D26: 0 | E26: 0 | F26: 0 | G26: 0 | H26: 0 | I26: 0
A27: 4 | B27: Комплекс процессных меропритий "Создание благоприятной инвестиционной среды для привлечения инвестиций в экономику МО и условий для развития предпринимательства в туристской сфере и сопряженных с ней отраслях" | C27: Всего: | D27: =SUM(D28:D31) -> 0 | E27: =SUM(E28:E31) -> 0 | F27: =SUM(F28:F31) -> 0 | G27: =SUM(G28:G31) -> 0 | H27: =SUM(H28:H31) -> 0 | I27: =SUM(I28:I31) -> 0
C28: местный бюджет МО «Усть-Коксинский район» | D28: 0 | E28: 0 | F28: 0 | G28: 0 | H28: 0 | I28: 0
C29: федеральный бюджет (справочно) | D29: 0 | E29: 0 | F29: 0 | G29: 0 | H29: 0 | I29: 0
C30: республиканский бюджет Республики Алтай (справочно) | D30: 0 | E30: 0 | F30: 0 | G30: 0 | H30: 0 | I30: 0
C31: иные источники (справочно) | D31: 0 | E31: 0 | F31: 0 | G31: 0 | H31: 0 | I31: 0
A32: 5 | B32: Комплекс процессных меропритий "Совершенствование системы информационно-рекламного обеспечения в сфере туризма для приоритетного развития отрасли (рекламно-информационные мероприятия, направленные на продвижение туристического продукта)" 2140200000 | C32: Всего: | D32: =SUM(D33:D36) -> 240 | E32: =SUM(E33:E36) -> 0 | F32: =SUM(F33:F36) -> 0 | G32: =SUM(G33:G36) -> 0 | H32: =SUM(H33:H36) -> 0 | I32: =SUM(I33:I36) -> 0
C33: местный бюджет МО «Усть-Коксинский район» | D33: 240 | G33: 0 | H33: 0 | I33: 0
C34: федеральный бюджет (справочно) | D34: 0 | E34: 0 | F34: 0 | G34: 0 | H34: 0 | I34: 0
C35: республиканский бюджет Республики Алтай (справочно) | D35: 0 | E35: 0 | F35: 0 | G35: 0 | H35: 0 | I35: 0
C36: иные источники (справочно) | D36: 0 | E36: 0 | F36: 0 | G36: 0 | H36: 0 | I36: 0
A37: 6 | B37: Комплекс процессных меропритий "Формирование и популяризация общественного мнения органов местного самоуправления" 2140300000 | C37: Всего: | D37: =SUM(D38:D41) -> 5867.962 | E37: =SUM(E38:E41) -> 3106.262 | F37: =SUM(F38:F41) -> 3106.262 | G37: =SUM(G38:G41) -> 0 | H37: =SUM(H38:H41) -> 0 | I37: =SUM(I38:I41) -> 0
C38: местный бюджет МО «Усть-Коксинский район» | D38: 5867.962 | E38: 3106.262 | F38: 3106.262 | G38: 0 | H38: 0 | I38: 0
C39: федеральный бюджет (справочно) | D39: 0 | E39: 0 | F39: 0 | G39: 0 | H39: 0 | I39: 0
C40: республиканский бюджет Республики Алтай (справочно) | D40: 0 | E40: 0 | F40: 0 | G40: 0 | H40: 0 | I40: 0
C41: иные источники (справочно) | D41: 0 | E41: 0 | F41: 0 | G41: 0 | H41: 0 | I41: 0
A42: 7 | B42: Комплекс процессных меропритий "Организация и проведение мероприятий в области сельского хозяйства" | C42: Всего: | D42: =SUM(D43:D46) -> 0 | E42: =SUM(E43:E46) -> 0 | F42: =SUM(F43:F46) -> 0 | G42: =SUM(G43:G46) -> 0 | H42: =SUM(H43:H46) -> 0 | I42: =SUM(I43:I46) -> 0
C43: местный бюджет МО «Усть-Кооксинский район» | D43: 0 | E43: 0 | F43: 0 | G43: 0 | H43: 0 | I43: 0
C44: федеральный бюджет (справочно) | D44: 0 | E44: 0 | F44: 0 | G44: 0 | H44: 0 | I44: 0
C45: республиканский бюджет Республики Алтай (справочно) | D45: 0 | E45: 0 | F45: 0 | G45: 0 | H45: 0 | I45: 0
C46: иные источники (справочно) | D46: 0 | E46: 0 | F46: 0 | G46: 0 | H46: 0 | I46: 0
A47: 8 | B47: Комплекс процессных меропритий "Обеспечение эпизоотического и ветеринарно- санитарного благополучия" | C47: Всего: | D47: =SUM(D48:D51) -> 403.5 | E47: =SUM(E48:E51) -> 403.5 | F47: =SUM(F48:F51) -> 403.5 | G47: =SUM(G48:G51) -> 0 | H47: =SUM(H48:H51) -> 0 | I47: =SUM(I48:I51) -> 0
C48: местный бюджет МО «Усть-Коксинский район» | D48: 0 | E48: 0 | F48: 0 | G48: 0 | H48: 0 | I48: 0
C49: федеральный бюджет (справочно) | D49: 0 | E49: 0 | F49: 0 | G49: 0 | H49: 0 | I49: 0
C50: республиканский бюджет Республики Алтай (справочно) | D50: 403.5 | E50: 403.5 | F50: 403.5 | G50: 0 | H50: 0 | I50: 0
C51: иные источники (справочно) | D51: 0 | E51: 0 | F51: 0 | G51: 0 | H51: 0 | I51: 0
A52: 9 | B52: Комплекс процессных меропритий "Обустройство и содержание мест утилизации биологических отходов" | C52: Всего: | D52: =SUM(D53:D56) -> 2917.1 | E52: =SUM(E53:E56) -> 521.4 | F52: =SUM(F53:F56) -> 521.4 | G52: =SUM(G53:G56) -> 0 | H52: =SUM(H53:H56) -> 0 | I52: =SUM(I53:I56) -> 0
C53: местный бюджет МО «Усть-Коксинский район» | D53: 0 | E53: 0 | F53: 0 | G53: 0 | H53: 0 | I53: 0
C54: федеральный бюджет (справочно) | D54: 0 | E54: 0 | F54: 0 | G54: 0 | H54: 0 | I54: 0
C55: республиканский бюджет Республики Алтай (справочно) | D55: 2917.1 | E55: 521.4 | F55: 521.4 | G55: 0 | H55: 0 | I55: 0
C56: иные источники (справочно) | D56: 0 | E56: 0 | F56: 0 | G56: 0 | H56: 0 | I56: 0

Sheet Отчет по показателя 6
F1: Приложение № 6
F2: к Порядку разработки, реализации и
F3: оценки эффективности муниципальных программ
F4: муниципального образования
F5: «Усть-Коксинский район», утвержденный
F6: постановлением администрации
F7: муниципального образования «Усть-Коксинский район»
F8: «____»_____________№_____
D11: Отчет о достижении значений показателей муниципальной программы (комплексной программы),
D12: результатов структурных элементов муниципальной программы (комплексной программы)
A14: № п/п | B14: Наименование показателя (результата) | C14: Единица измерения | D14: Значение показателя (результата) | G14: Обоснование отклонения значения показателя (результата) (при наличии)
D15: год, предшествующий отчетному (текущему) году | E15: отчетный год
E16: план | F16: факт на отчетную дату
A17: Муниципальная программа
A18: 1. | B18: Показатель
A20: Структурный элемент
A21: 1. | B21: Результат

Sheet Отчет об испол. бюджет.ассиг 7
F1: Приложение № 7
F2: к Порядку разработки, реализации и
F3: оценки эффективности муниципальных программ
F4: муниципального образования
F5: «Усть-Коксинский район», утвержденный
F6: постановлением администрации
F7: муниципального образования «Усть-Коксинский район»
F8: «____»_____________№_____
D11: Отчет об использовании бюджетных ассигнований на реализацию
D12: муниципальной программы (комплексной программы) МО «Усть-Коксинский район»
G13: (тыс. рублей)
A14: № п/п | B14: Статус | C14: Наименование муниципальной программы (комплексной программы), структурного элемента муниципальной программы (комплексной программы) | D14: Главный распорядитель бюджетных средств (ответственный исполнитель, соисполнитель, участник) | E14: Расходы
E15: утверждено сводной бюджетной росписи на отчетную дату | F15: утверждено в муниципальной программе на отчетную дату | G15: кассовое исполнение
A16: 1 | B16: 2 | C16: 3 | D16: 4 | E16: 8 | F16: 9 | G16: 10
A17: 1 | B17: Муниципальная программа (комплексная программа) | D17: всего, в том числе:
D18: местный бюджет МО «Усть-Коксинский район»
D19: федеральный бюджет (справочно)
D20: республиканский бюджет Республики Алтай (справочно)
D21: иные источники (справочно)
A22: 2 | B22: Структурный элемент 1 | D22: всего, в том числе:
D23: местный бюджет МО «Усть-Коксинский район»
D24: федеральный бюджет (справочно)
D25: республиканский бюджет Республики Алтай (справочно)
D26: иные источники (справочно)
A27: 3 | B27: Структурный элемент 1 | D27: всего, в том числе:
D28: местный бюджет МО «Усть-Коксинский район»
D29: федеральный бюджет (справочно)
D30: республиканский бюджет Республики Алтай (справочно)
D31: иные источники (справочно)
A32: 4 | B32: Структурный элемент 1 | D32: всего, в том числе:
D33: местный бюджет МО «Усть-Коксинский район»
D34: федеральный бюджет (справочно)
D35: республиканский бюджет Республики Алтай (справочно)
D36: иные источники (справочно)
